Map: [ESL] Royal Blood

Players

Solar - Winner!

  • Race: Zerg Zerg
  • Spawn Location: 1:00

Bunny

  • Race: Terran Terran
  • Spawn Location: 7:00

Event: ESL SC2 Masters 2023 Summer (Finals)

VOD

Have the link to the VOD?

Description

Time

  • Played on: June 16, 2023, 8:12 a.m.
  • Length: 18:40

All games in this series

Show
View Real Time Build Order
Export as new Build Order

Solar Zerg - Winner!

Build Orders: Hatch First, Lurkers 

Get SALT Encoding   

  12  0:00  Drone  
  13  0:12  Overlord  
  13  0:17  Drone  
  14  0:31  Drone x2  
  16  0:48  Hatchery  
  15  0:51  Drone  
  15  0:54  Drone  
  17  0:57  Drone  
  18  1:08  Extractor  
  17  1:13  Spawning Pool  
  17  1:15  Drone  
  17  1:20  Drone  
  18  1:28  Drone  
  19  1:38  Drone  
  20  1:49  Drone  
  21  1:59  Queen x2  
  21  2:00  Zergling x4  
  27  2:10  Overlord  
  27  2:11  Drone  
  28  2:20  Hatchery  
  28  2:22  Drone  
  28  2:27  Spore Crawler  
  28  2:28  Drone  
  28  2:32  Drone  
  30  2:37  Queen  
  32  2:44  Overlord  
  32  2:47  Metabolic Boost  
  32  2:52  Drone x2  
  32  2:55  Drone  
  32  2:56  Drone  
  36  3:04  Drone  
  36  3:05  Drone  
  38  3:10  Drone x3  
  41  3:16  Queen  
  41  3:19  Overlord  
  43  3:20  Drone  
  44  3:28  Overlord  
  44  3:32  Queen  
  44  3:34  Queen  
  46  3:36  Drone  
  49  3:46  Drone x7  
  56  3:51  Drone x3  
  56  3:55  Overlord  
  59  3:59  Drone x2  
  61  4:06  Drone x3  
  61  4:09  Queen  
  66  4:13  Queen  
  66  4:14  Overlord  
  68  4:20  Drone x4  
  68  4:24  Extractor, Drone  
  72  4:25  Drone  
  72  4:28  Drone  
  72  4:31  Overlord  
  73  4:32  Evolution Chamber x2  
  73  4:34  Drone x3  
  73  4:35  Drone  
  73  4:36  Drone  
  76  4:41  Zergling x2  
  76  4:43  Zergling x6  
  80  4:48  Hatchery  
  80  4:49  Drone  
  80  4:53  Zergling x6  
  80  4:55  Extractor, Overlord  
  80  4:56  Zergling x2  
  80  4:59  Zergling x2  
  84  5:02  Zergling x6  
  84  5:06  Zerg Ground Armor Level 1  
  87  5:07  Zergling x2  
  87  5:08  Zerg Melee Weapons Level 1  
  87  5:10  Overlord  
  87  5:11  Zergling x2  
  89  5:17  Zergling x6  
  89  5:19  Overlord  
  89  5:21  Overlord  
  87  5:31  Zergling x14  
  87  5:34  Lair  
  88  5:35  Zergling x4  
  88  5:37  Drone  
  88  5:42  Drone  
  88  5:43  Queen, Baneling Nest  
  88  5:48  Drone x2  
  88  5:49  Drone x2  
  93  5:51  Drone  
  93  5:52  Drone  
  95  5:57  Extractor, Drone  
  95  5:59  Drone  
  95  6:02  Drone  
  95  6:04  Queen  
  97  6:06  Zergling x4  
  97  6:09  Zergling x2  
  102  6:12  Overlord  
  102  6:13  Zergling x2  
  102  6:16  Zergling x2  
  102  6:18  Extractor, Zergling x6  
  103  6:23  Drone  
  103  6:24  Drone  
  106  6:26  Zergling x2  
  106  6:28  Baneling x9  
  106  6:29  Baneling  
  106  6:30  Zergling x2  
  106  6:31  Zergling x8  
  106  6:32  Centrifugal Hooks, Baneling x2  
  112  6:33  Drone  
  112  6:34  Zergling x6  
  112  6:39  Overlord, Queen  
  116  6:42  Zergling x2  
  113  6:48  Zergling x10  
  113  6:52  Zergling x4  
  112  6:54  Drone x2  
  112  6:57  Drone x3  
  117  7:02  Zergling x6  
  117  7:03  Zergling x2  
  117  7:04  Zerg Melee Weapons Level 2, Zerg Ground Armor Level 2  
  117  7:07  Zergling x8  
  123  7:10  Overlord  
  123  7:15  Queen  
  123  7:21  Zergling x6  
  123  7:22  Overlord  
  128  7:26  Overlord  
  128  7:28  Baneling x2  
  128  7:29  Hatchery, Drone  
  131  7:30  Drone x4  
  131  7:32  Drone x2, Infestation Pit  
  131  7:35  Overseer  
  131  7:36  Zergling x6  
  136  7:39  Overlord  
  136  7:41  Overlord  
  136  7:44  Drone, Hatchery  
  136  7:45  Zergling x4  
  136  7:50  Zergling x10  
  139  7:53  Zergling x8  
  143  7:58  Drone x2  
  143  7:59  Drone  
  143  8:06  Zergling x2  
  143  8:08  Zergling x4  
  143  8:10  Baneling x5  
  143  8:11  Baneling x5, Zergling x2  
  136  8:17  Queen  
  135  8:20  Zergling x8  
  135  8:21  Hive  
  135  8:23  Baneling  
  135  8:24  Baneling x5  
  135  8:26  Zergling x8  
  139  8:28  Zergling x2  
  139  8:29  Zergling x14  
  139  8:33  Zergling x6  
  149  8:38  Zergling x2  
  148  8:42  Drone  
  148  8:46  Zergling x4  
  148  8:47  Hydralisk Den  
  150  8:50  Zergling x2  
  150  8:53  Zergling x6  
  152  8:57  Zergling x8  
  156  9:03  Zergling x4  
  156  9:09  Baneling x5  
  157  9:11  Zergling x8  
  157  9:14  Zergling x6  
  154  9:24  Hydralisk x7  
  154  9:26  Overlord x2  
  156  9:31  Zergling x6  
  156  9:33  Zergling x2  
  156  9:34  Zergling x10  
  150  9:41  Zergling x10, Baneling x4  
  150  9:42  Adrenal Glands, Grooved Spines  
  150  9:44  Zergling x6  
  154  9:47  Zergling x2  
  154  9:49  Viper  
  154  9:52  Viper  
  158  9:54  Zergling x8  
  158  9:57  Zergling x2  
  166  10:01  Zergling x4  
  166  10:03  Overlord  
  166  10:06  Hatchery  
  167  10:08  Overlord  
  167  10:12  Zergling x4  
  167  10:13  Zergling x4  
  171  10:14  Extractor  
  171  10:19  Zergling x12  
  171  10:20  Baneling x6  
  176  10:25  Drone x5  
  178  10:30  Extractor, Zergling x2  
  178  10:33  Hydralisk x2  
  179  10:38  Drone x2  
  179  10:42  Spore Crawler  
  179  10:45  Zergling x10  
  184  10:51  Zergling x2  
  184  10:52  Zergling x10  
  184  10:54  Zergling x4, Muscular Augments  
  191  10:57  Overlord x2  
  191  10:58  Hatchery  
  191  10:59  Lurker Den  
  191  11:02  Drone  
  190  11:06  Zergling x2  
  190  11:08  Overlord  
  186  11:11  Zergling x2  
  186  11:12  Zergling x10  
  186  11:15  Baneling x14  
  186  11:17  Hydralisk  
  191  11:18  Zergling x4  
  191  11:23  Zergling x12  
  194  11:33  Zergling x8  
  194  11:36  Zergling x10  
  193  11:45  Zergling x2  
  193  11:46  Zergling x12  
  166  11:49  Hydralisk  
  166  11:53  Zerg Ground Armor Level 3  
  141  11:54  Zerg Missile Weapons Level 1, Zergling x8  
  135  12:01  Zergling x4  
  135  12:07  Drone x6, Baneling x8  
  143  12:13  Baneling x3  
  143  12:14  Zergling x4  
  143  12:15  Hatchery  
  144  12:16  Zergling x8  
  148  12:24  Drone x3  
  148  12:25  Seismic Spines  
  148  12:26  Zergling x6  
  148  12:29  Zergling x6  
  157  12:33  Zergling x2  
  157  12:35  Hydralisk x3  
  164  12:37  Pneumatized Carapace  
  164  12:38  Zergling x10  
  164  12:41  Hatchery  
  162  12:44  Zergling x2  
  162  12:45  Zergling x2  
  162  12:46  Drone x2  
  162  12:48  Hydralisk x3, Extractor  
  162  12:49  Zergling x4  
  173  12:54  Zergling x2  
  173  12:56  Zergling x2  
  175  12:59  Drone x2  
  175  13:00  Zergling x4  
  175  13:01  Zergling x4  
  175  13:04  Drone x2  
  183  13:10  Zergling x12  
  183  13:12  Zergling x2  
  190  13:13  Extractor  
  190  13:17  Lurker x5  
  190  13:18  Zergling x12  
  197  13:20  Zergling x2  
  197  13:25  Hydralisk x3  
  194  13:30  Zergling x6  
  194  13:37  Hydralisk x2  
  194  13:38  Zergling x2, Adaptive Talons  
  197  13:42  Zergling x10  
  197  13:46  Hydralisk x3  
  199  13:50  Zergling x2  
  199  13:54  Hydralisk  
  197  13:58  Zergling x14  
  191  14:03  Baneling x9  
  191  14:04  Zergling x16  
  196  14:11  Zergling x6  
  196  14:14  Zergling x2  
  200  14:21  Hydralisk x4  
  178  14:26  Zergling x2  
  178  14:27  Zergling x12  
  176  14:33  Zerg Melee Weapons Level 3  
  176  14:34  Zergling x8  
  173  14:39  Baneling x2  
  173  14:41  Zergling x6  
  173  14:42  Zergling x18  
  173  14:44  Baneling x4  
  185  14:45  Zergling x4  
  185  14:46  Zergling x4  
  185  14:50  Zergling x10  
  185  14:51  Baneling x6  
  193  14:56  Zergling x8  
  193  14:59  Zergling x6  
  195  15:06  Zergling x8  
  189  15:10  Zergling x2  
  189  15:11  Zergling x2  
  176  15:15  Zergling x6  
  176  15:20  Drone x3  
  176  15:21  Drone x4  
  176  15:22  Hydralisk  
  176  15:23  Hydralisk  
  176  15:25  Lurker x4  
  176  15:27  Zergling x2  
  186  15:29  Hydralisk x2  
  186  15:30  Hydralisk  
  186  15:31  Zergling x8  
  186  15:33  Baneling x3  
  186  15:35  Zergling x2  
  188  15:39  Zergling x2  
  188  15:40  Hatchery, Zergling x8  
  192  15:45  Lurker x3  
  193  15:50  Zergling x8  
  193  15:52  Baneling x3  
  193  15:56  Hydralisk x2  
  193  15:57  Zergling x2  
  193  16:01  Lurker  
  193  16:02  Lurker x3  
  197  16:07  Zergling x6  
  199  16:14  Hydralisk  
  198  16:22  Hydralisk  
  198  16:23  Hydralisk x2  
  197  16:32  Zergling x28  
  190  16:36  Drone x2  
  190  16:37  Drone  
  193  16:45  Zergling x12  
  193  16:46  Overseer  
  197  16:54  Zergling x2  
  197  16:55  Zergling x2  
  197  16:56  Baneling x8  
  197  17:00  Baneling x5  
  195  17:03  Zergling x2  
  195  17:05  Zergling x2  
  195  17:12  Zergling x8  
  190  17:17  Zergling x8  
  190  17:18  Zergling x2  
  190  17:21  Zergling x4  
  196  17:23  Zergling x2  
  196  17:29  Zergling x6  
  200  17:35  Baneling x5  
  199  17:41  Zergling x2  
  196  17:49  Zergling x16  
  195  17:56  Hydralisk x2  
  189  17:58  Baneling x8  
  189  18:01  Zergling x12  
  189  18:03  Zergling x4  
  189  18:04  Zergling x2  
  196  18:09  Zergling x4  
  196  18:10  Zergling x4  
  196  18:12  Zergling x4  
  185  18:14  Lurker x2  
  185  18:15  Zergling x2  
  185  18:18  Zergling x4  
  190  18:21  Zergling x2  
  190  18:22  Zergling x2  
  190  18:23  Zergling x2  
Show
View Real Time Build Order
Export as new Build Order

Bunny Terran 

Build Orders: Reaper Expand 

Get SALT Encoding   

  12  0:00  SCV  
  13  0:12  SCV  
  14  0:17  Supply Depot  
  14  0:24  SCV  
  15  0:38  SCV  
  15  0:39  Barracks  
  15  0:42  Refinery  
  16  0:50  SCV  
  17  1:02  SCV  
  18  1:15  SCV  
  19  1:26  Reaper  
  19  1:27  Orbital Command  
  20  1:38  Command Center  
  20  1:45  Supply Depot  
  20  1:52  SCV  
  21  1:58  Barracks Reactor  
  21  2:04  SCV  
  22  2:16  SCV  
  22  2:19  Command Center  
  23  2:28  SCV  
  24  2:34  Barracks  
  24  2:35  Marine x2  
  26  2:40  SCV  
  27  2:44  Barracks  
  27  2:52  Orbital Command  
  27  2:54  Marine  
  27  2:57  Marine  
  29  3:00  SCV  
  30  3:12  Marine, SCV  
  32  3:15  Marine  
  32  3:18  SCV  
  34  3:22  Barracks Tech Lab  
  34  3:24  SCV  
  35  3:29  Marine  
  35  3:30  SCV  
  35  3:32  Orbital Command, Marine  
  35  3:33  Barracks Tech Lab  
  38  3:36  SCV  
  38  3:40  Stimpack  
  38  3:41  Marine  
  40  3:42  SCV  
  40  3:47  Marine  
  42  3:50  SCV, Marine  
  42  3:51  Marine, Combat Shield  
  42  3:54  SCV  
  46  3:59  SCV, Supply Depot  
  46  4:01  Marine  
  46  4:02  SCV  
  49  4:05  Marine  
  49  4:06  SCV  
  49  4:08  Marine  
  49  4:09  Marine  
  53  4:12  SCV  
  53  4:14  SCV  
  53  4:15  Factory  
  55  4:18  SCV, Marine  
  55  4:23  Marine  
  58  4:24  Supply Depot  
  58  4:26  Marine  
  58  4:27  SCV, Marine  
  58  4:30  SCV  
  62  4:33  Refinery x2  
  62  4:34  Supply Depot  
  62  4:35  Refinery  
  62  4:39  SCV, Marine  
  62  4:41  Marine  
  62  4:42  SCV  
  62  4:43  Orbital Command  
  62  4:44  Marine  
  67  4:46  Engineering Bay x2  
  67  4:51  SCV, Supply Depot  
  68  4:54  SCV  
  68  4:58  Marine x2  
  68  4:59  Marine  
  72  5:02  Marine, Factory Reactor  
  72  5:03  Starport  
  72  5:04  SCV  
  72  5:06  SCV  
  75  5:09  SCV  
  76  5:15  Barracks  
  76  5:17  Barracks  
  76  5:19  Marine x3  
  77  5:29  SCV  
  77  5:30  SCV x2  
  77  5:33  Marine  
  77  5:35  Terran Infantry Weapons Level 1, Terran Infantry Armor Level 1  
  77  5:43  SCV x3  
  77  5:47  Medivac x2  
  77  5:49  Marine x2  
  86  5:50  Marine  
  86  5:52  Barracks Reactor  
  86  5:55  Siege Tank  
  86  5:57  SCV x2, Supply Depot x2  
  92  5:58  SCV  
  92  6:03  Barracks Reactor  
  93  6:05  Barracks Reactor  
  93  6:12  Supply Depot  
  93  6:13  Supply Depot  
  93  6:14  SCV  
  93  6:18  Marine x3, Medivac  
  93  6:19  SCV x2  
  93  6:24  Medivac  
  101  6:29  Marine x2  
  103  6:34  SCV x3  
  103  6:35  Supply Depot  
  103  6:36  Marine x3, Siege Tank  
  103  6:37  Supply Depot  
  112  6:44  Marine x4  
  114  6:47  Marine x2  
  114  6:53  Armory  
  112  6:54  Marine x3, Medivac  
  112  6:57  SCV x3  
  118  7:02  Medivac  
  118  7:05  Marine x4  
  124  7:14  Siege Tank  
  128  7:15  SCV x2  
  128  7:16  SCV, Marine x5  
  135  7:23  Marine x4  
  135  7:26  Medivac  
  141  7:40  Refinery  
  141  7:41  Supply Depot  
  141  8:02  Marine x4, Medivac, SCV x2  
  149  8:06  Marine x5, SCV  
  149  8:07  Siege Tank  
  147  8:13  Command Center  
  147  8:15  Factory  
  147  8:16  Medivac  
  149  8:21  Terran Infantry Weapons Level 2  
  149  8:25  Supply Depot x2  
  149  8:26  Marine  
  149  8:27  Marine x8  
  156  8:34  Medivac  
  156  8:43  Widow Mine  
  156  8:44  Refinery  
  156  8:46  Marine x9  
  156  8:47  Medivac  
  168  9:04  Barracks x2, Marine x5, Factory Tech Lab  
  168  9:06  Barracks, Marine x3  
  173  9:14  Marine  
  173  9:16  Medivac x2  
  173  9:22  Marine x2  
  173  9:24  Marine x3  
  173  9:25  Widow Mine  
  168  9:32  Orbital Command  
  168  9:33  Marine x3  
  168  9:34  Marine  
  168  9:36  Widow Mine  
  161  9:40  Marine, Marauder  
  161  9:42  Marine x3  
  163  9:51  Supply Depot x3  
  163  9:52  Barracks Tech Lab  
  161  9:55  Barracks Tech Lab  
  161  10:12  Planetary Fortress  
  161  10:18  Supply Depot x2  
  161  10:20  Barracks Tech Lab  
  161  10:31  Terran Infantry Armor Level 2  
  161  10:37  Marine x3  
  161  10:38  Supply Depot x3  
  161  10:39  Supply Depot  
  161  10:40  Marine, Medivac x2, Siege Tank x2  
  171  10:45  Marauder  
  171  10:46  Marauder, Concussive Shells  
  171  10:49  SCV  
  174  11:00  Marauder x2  
  174  11:01  Marine x2, SCV  
  181  11:10  Medivac x2  
  183  11:12  Siege Tank x2  
  183  11:13  Marauder  
  183  11:14  Marine  
  183  11:15  Marine x6  
  197  11:19  Marine  
  197  11:22  Marauder  
  196  11:43  Marauder x3  
  196  11:44  Siege Tank x2  
  196  11:45  Marine x2  
  196  11:46  Marine x6  
  138  11:55  Marauder  
  116  12:03  Marine x8  
  116  12:04  Marauder  
  125  12:08  SCV  
  125  12:12  Marauder x2  
  127  12:15  Marine  
  127  12:16  Siege Tank  
  127  12:20  SCV, Siege Tank  
  127  12:21  Marine x6  
  127  12:22  Terran Infantry Weapons Level 3  
  141  12:24  Marine x2  
  141  12:26  Marauder  
  145  12:32  Liberator  
  145  12:33  Marine x2  
  145  12:34  Marauder  
  152  12:39  Marine x3  
  152  12:42  Liberator  
  158  12:44  Marine x5  
  158  12:47  Marine  
  166  12:51  Marauder x2  
  166  12:55  Marauder  
  166  12:56  Marine  
  166  12:57  Marine x2  
  173  13:02  Marine x2  
  173  13:03  Siege Tank  
  173  13:05  Marauder, Marine x3  
  181  13:11  Siege Tank  
  188  13:13  Marauder  
  188  13:16  Marauder x2  
  192  13:20  Marine  
  192  13:21  Marine x4  
  192  13:23  Marine x3  
  192  13:26  Marauder  
  197  13:33  Marine  
  198  13:37  Marine x2  
  195  13:48  Marauder  
  186  13:49  Marine x4  
  186  13:52  Marauder, Ghost Academy  
  186  13:53  Refinery x2  
  193  13:55  Marauder  
  193  13:56  Marauder  
  177  14:07  Medivac x2  
  177  14:09  Marauder  
  182  14:11  Marine  
  182  14:13  Marauder  
  187  14:17  Marine x4, Marauder x2  
  187  14:23  Siege Tank x2  
  166  14:24  Marine  
  166  14:25  Marine x2  
  166  14:29  Marine  
  166  14:30  Marauder  
  138  14:35  Marauder, Marine x4  
  138  14:37  Liberator x2  
  138  14:38  Marine  
  151  14:40  Marauder  
  151  14:43  Marine  
  151  14:44  Marine x2  
  156  14:52  Marauder  
  158  14:58  Siege Tank x2  
  164  15:05  Marauder x3  
  164  15:06  Marine x3  
  140  15:18  Marine x3  
  142  15:23  Liberator x2  
  142  15:26  Marine x3  
  149  15:36  Ghost x2  
  153  15:45  Ghost  
  153  15:49  Missile Turret  
  155  15:54  Siege Tank x2  
  161  16:14  Orbital Command  
  161  16:15  Ghost x2  
  161  16:16  Marine x8  
  152  16:29  Supply Depot x2  
  152  16:30  Supply Depot  
  146  16:50  Marine x2, Ghost x2  
  152  16:57  Ghost  
  154  17:04  Marine x5  
  157  17:11  Orbital Command  
  141  17:23  Siege Tank x2  
  134  17:55  Siege Tank  
  105  18:15  Marine x4  
Tags
 
Add a new tag
Caveats
  • Supply blocks, unpowered buildings, or Contaminate may cause inaccurate times.
  • Supply counts are checked every 10 seconds.